 Dungeon Crawl Stone Soup version 0.28.0-47-ge53b351184 (webtiles) character file.

Game seed: 7804715446179283583

250 Iusername the Covered (level 6, -1/72 HPs)
             Began as a Human Fighter on May 2, 2022.
             Slain by a jelly (3 damage)
             ... on level 4 of the Dungeon.
             The game lasted 00:03:52 (3476 turns).

Iusername the Covered (Human Fighter)               Turns: 3476, Time: 00:03:52

Health: -1/72      AC:  7    Str: 18    XL:     6   Next: 35%
Magic:  6/6        EV:  9    Int:  8    God:
Gold:   78         SH:  5    Dex: 13    Spells: 5/5 levels left

rFire   . . .      SeeInvis .   a - +0 long sword
rCold   . . .      Faith    .   c - +0 buckler
rNeg    . . .      Spirit   .   b - +0 scale mail
rPois   .          Reflect  .   (no helmet)
rElec   .          Harm     .   (no cloak)
rCorr   .          Rampage  .   (no gloves)
Will    .....                   (no boots)
Stlth   ..........              (no amulet)
HPRegen 0.22/turn               (no ring)
MPRegen 0.10/turn               (no ring)

@: berserking, lethally poisoned (-1 -> -7), very quick
A: no striking features
a: no special abilities


You were on level 4 of the Dungeon.
You visited 1 branch of the dungeon, and saw 4 of its levels.

You collected 78 gold pieces.

Inventory:

Hand Weapons
 a - a +0 long sword (weapon)
 d - a +0 scythe
Armour
 b - a +0 scale mail (worn)
 c - a +0 buckler (worn)
Scrolls
 e - a scroll of teleportation {unknown}
 g - 4 scrolls of fog {unknown}
 i - 2 scrolls of identify {unknown}
 j - a scroll of amnesia {unknown}
 k - a scroll of immolation {unknown}
 l - a scroll of holy word {unknown}
Potions
 f - a potion of haste
 m - a potion of berserk rage


   Skills:
 + Level 3.9 Fighting
 + Level 3.8 Long Blades
 + Level 4.3 Armour
 + Level 1.2 Dodging
 + Level 0.5 Stealth
 + Level 3.5 Shields


You had 5 spell levels left.
You didn't know any spells.
Your spell library contained the following spells:

 Spells                   Type           Power      Damage    Failure   Level
 Confusing Touch          Hex            0%         N/A       99%         3
 Yara's Violent Unravell  Hex/Tmut       0%         3d3       100%        5
 Enfeeble                 Hex            0%         N/A       100%        7


Dungeon Overview and Level Annotations

Branches:
Dungeon (4/15)
 Temple: D:4-7

Altars:

Shops:
D:2 :   D:3 *


Message History

You are too injured to fight recklessly!
You are too injured to fight recklessly!
It was a potion of cancellation.
You feel magically purged. The necrophage hits you. The scorpion stings you!
* * * LOW HITPOINT WARNING * * *
The jelly closely misses you.
You hit the scorpion but do no damage.
The scorpion is severely wounded.
The necrophage barely misses you. The scorpion stings you.
* * * LOW HITPOINT WARNING * * *
You are lethally poisoned!
The scorpion poisons you!
The jelly jiggles.
The jelly barely misses you. You block the necrophage's attack.
You block the scorpion's attack.
It was a potion of berserk rage.
A red film seems to cover your vision as you go berserk!
You feel yourself moving faster!
You feel mighty!
* * * LOW HITPOINT WARNING * * *
You feel very sick. The jelly hits you but does no damage.
The necrophage hits you.
* * * LOW HITPOINT WARNING * * *
The scorpion stings you but does no damage.
You are too injured to fight recklessly!
Unknown command.
You are too injured to fight recklessly!
Unknown command.
You are too injured to fight recklessly!
Unknown command.
You are too injured to fight recklessly!
Unknown command.
Unknown command.
You are too injured to fight recklessly!
Unknown command.
You are too injured to fight recklessly!
You completely miss the scorpion.
The scorpion is severely wounded.
* * * LOW HITPOINT WARNING * * *
You feel sick. The jelly hits you.
You die...

#.#.....#.....
#.............
#...#..<...#.#
####.........##.#
.......#.....##.# #
#####........##.#
..#
####........####...#
#.###.##..J......
...#......@so.....
#####.####..n......
#.# ####...... #.#
.#...# #.# # ..# ..#
.. ### .


You could see a necrophage, a scorpion, a jelly and an orc.

Vanquished Creatures
  Sigmund (D:2)
  3 adders
  A dart slug (D:1)
  3 orcs (D:3)
  5 endoplasms
  3 giant cockroaches
  4 goblins
  6 hobgoblins
  6 jackals (D:2)
  7 ball pythons
  3 bats (D:1)
  7 frilled lizards
  11 kobolds
  7 rats
67 creatures vanquished.

Vanquished Creatures (others)
  7 plants (D:2)
7 creatures vanquished.

Grand Total: 74 creatures vanquished

Notes
Turn   | Place    | Note
-------+----------+-------------------------------------------
     0 | D:1      | Iusername the Human Fighter began the quest for the Orb.
     0 | D:1      | Reached XP level 1. HP: 18/18 MP: 1/1
   284 | D:1      | Reached XP level 2. HP: 24/24 MP: 2/2
   566 | D:1      | Reached XP level 3. HP: 27/29 MP: 3/3
  1525 | D:2      | Reached XP level 4. HP: 35/35 MP: 4/4
  1594 | D:2      | Found Gifa Ratue's Book Shop.
  1600 | D:2      | Noticed Sigmund
  1617 | D:2      | Killed Sigmund
  1618 | D:2      | Reached skill level 4 in Armour
  1618 | D:2      | Reached skill level 1 in Dodging
  1618 | D:2      | Reached XP level 5. HP: 20/42 MP: 5/5
  1618 | D:2      | Reached XP level 6. HP: 23/48 MP: 6/6
  2222 | D:2      | Found a faded altar of an unknown god.
  3216 | D:3      | Found Niptu Kaubeu's Assorted Antiques.
  3441 | D:3      | You fall into a shaft and drop 1 floor!
  3467 | D:4      | Noticed a necrophage
  3475 | D:4      | HP: 3/72 [necrophage (3)]
  3476 | D:4      | Slain by a jelly

Illustrated notes

Levels and vault maps discovered:
D:1:      dpeg_arrival_arbitrary_c, layout_loops_cross
D:2:      layout_basic, hellmonk_ecumenical_altar_crossroads, serial_shops,
          shop, lexackson_kobold_supper, uniq_sigmund
D:3:      layout_loops_ring, lightli_temple_of_fire, gammafunk_ghost_grave,
          serial_shops, shop_fountains, amcnicky_mini_rare_corridor_liquid,
          minmay_vboxes
D:4:      layout_loops_cross, minmay_temple_entry_slanted, uniq_edmund,
          uniq_menkaure

Skill      XL: |  1  2  3  4 |
---------------+-------------+-----
Long Blades    | 3 |  3.8
Armour         | 4 |  4.3
Dodging        | 1 |  1.2
Fighting       | |  3.9
Stealth        | |  0.5
Shields        | |  3.5

Action                   |  1- 3 |  4- 6 || total
-------------------------+-------+-------++-------
Melee: Long sword        |   105 |    99 ||   204
  Use: Potion            |       |     3 ||     3
Armor: Scale mail        |    62 |    58 ||   120
Dodge: Dodged            |    65 |    72 ||   137
Block: Buckler           |    27 |    37 ||    64
